 Dungeon Crawl Stone Soup version 0.31.0-12-g77e489cdc1 (webtiles) character file.

Game seed: 17656378249747544131

221 Janerl the Cudgeller (level 5, -1/47 HPs)
             Began as a Minotaur Berserker on Feb 16, 2024.
             Was a Priest of Trog.
             Slain by a goblin
             ... wielding a +0 club
              (2 damage)
             ... on level 3 of the Dungeon.
             The game lasted 00:07:58 (2177 turns).

Janerl the Cudgeller (Minotaur Berserker)           Turns: 2177, Time: 00:07:59

Health: -1/47      AC:  6    Str: 21    XL:     5   Next: 65%
Magic:  4/4        EV: 11    Int:  6    God:    Trog [***...]
Gold:   86         SH:  0    Dex: 10    Spells: 4/4 levels left

rFire   . . .        a - +0 mace
rCold   . . .        (no shield)
rNeg    . . .        h - +0 ring mail
rPois   .            g - +1 hat
rElec   .            (no cloak)
rCorr   .            (no gloves)
SInv    .            (no boots)
Will    .....        (no amulet)
Stlth   +            (no ring)
HPRegen 0.27/turn    (no ring)
MPRegen 0.09/turn

%: no passive effects
@: no status effects
A: horns 2, retaliatory headbutt
a: Renounce Religion, Berserk, Trog's Hand


You were on level 3 of the Dungeon.
You worshipped Trog.
Trog was most pleased with you.
You visited 1 branch of the dungeon, and saw 3 of its levels.

You collected 86 gold pieces.

Inventory:

Hand Weapons
 a - a +0 mace (weapon)
Armour
 b - a +0 animal skin
 g - a +1 hat (worn)
 h - a +0 ring mail (worn)
Jewellery
 e - a ring of positive energy
 p - a ring of poison resistance
Talismans
 c - a flux talisman
Wands
 i - a wand of digging (4)
 n - a wand of acid (9)
Scrolls
 d - 3 scrolls of identify {unknown}
 f - a scroll of poison {unknown}
 j - a scroll of acquirement {unknown}
 m - a scroll of teleportation {unknown}
 o - a scroll of revelation {unknown}
Potions
 k - a potion of experience {unknown}
 l - a potion of degeneration {unknown}
 q - a potion of attraction {unknown}


   Skills:
 + Level 4.8 Fighting
 + Level 5.5 Maces & Flails
 + Level 4.1 Armour
 + Level 3.1 Dodging
 + Level 0.2 Stealth


You had 4 spell levels left.
You didn't know any spells.
Your spell library was empty.

Dungeon Overview and Level Annotations

Branches:
Dungeon (3/15)

Altars:


Innate Abilities, Weirdness & Mutations

You have a pair of horns on your head.
You reflexively headbutt those who attack you in melee.


Message History

Trog accepts your kill. The goblin hits you but does no damage.
The hobgoblin hits you with a +0 club.
* * * LOW HITPOINT WARNING * * *
You sock the goblin!
You kill the goblin!
Trog accepts your kill.
You hit the hobgoblin but do no damage. The hobgoblin misses you.
You hit the hobgoblin but do no damage. The hobgoblin hits you with a +0 club.
* * * LOW HITPOINT WARNING * * *
The goblin attacks as it pursues you! The goblin hits you but does no damage.
The goblin attacks as it pursues you! The goblin hits you but does no damage.
The hobgoblin barely misses you. You furiously retaliate!
You headbutt the hobgoblin!
You kill the hobgoblin!
Trog accepts your kill.
Things that are here:
a +0 club; a +0 club You sock the goblin!
You kill the goblin!
Trog accepts your kill.
You closely miss the hobgoblin.
The hobgoblin is severely wounded.
The goblin barely misses you. The hobgoblin barely misses you.
You closely miss the hobgoblin. Your headbutt misses the hobgoblin.
The hobgoblin is severely wounded.
The goblin hits you with a +0 club.
* * * LOW HITPOINT WARNING * * *
The hobgoblin closely misses you. The goblin barely misses you.
You hit the hobgoblin but do no damage.
The hobgoblin is severely wounded.
The hobgoblin misses you. You furiously retaliate!
You headbutt the hobgoblin!
You kill the hobgoblin!
Trog accepts your kill. The goblin hits you with a +0 club.
* * * LOW HITPOINT WARNING * * *
Okay, then.
You barely miss the goblin. Your headbutt misses the goblin.
The goblin hits you with a +0 club.
You die...

#####
###############...#
.......)......#...#
.........).)..#.))#
........).....##'##
...########....)@#
...# #)...)g# ...#
#......#
..............##)#
..............#)))#
..............#...#
###############...#
≈≈≈≈≈≈≈≈≈≈≈ #####
≈~≈≈≈≈≈~≈≈≈


You could see a goblin.

Vanquished Creatures
  An orc priest (D:3)
  3 adders (D:3)
  8 gnolls
  A ribbon worm (D:2)
  2 orcs (D:3)
  5 endoplasms
  A giant cockroach (D:1)
  22 goblins
  13 hobgoblins
  3 kobolds
  4 quokkas
  3 ball pythons
  6 bats
  2 frilled lizards
  6 rats
80 creatures vanquished.

Notes
Turn   | Place    | Note
-------+----------+-------------------------------------------
     0 | D:1      | Janerl the Minotaur Berserker began the quest for the Orb.
     0 | D:1      | Reached XP level 1. HP: 19/19 MP: 0/0
   126 | D:1      | Reached skill level 4 in Maces & Flails
   126 | D:1      | Reached XP level 2. HP: 27/27 MP: 1/1
   333 | D:1      | Found a faded altar of an unknown god.
   855 | D:2      | Reached XP level 3. HP: 33/33 MP: 2/2
   881 | D:2      | Reached ** piety under Trog
  1443 | D:2      | Reached XP level 4. HP: 8/41 MP: 3/3
  1813 | D:3      | Reached skill level 5 in Maces & Flails
  1852 | D:3      | Reached XP level 5. HP: 36/47 MP: 4/4
  1951 | D:3      | Reached *** piety under Trog
  2176 | D:3      | HP: 1/47 [goblin/+0 club (2)]
  2177 | D:3      | Slain by a goblin

Illustrated notes

Levels and vault maps discovered:
D:1:      dpeg_chamrin_arrival_tetris, layout_basic,
          dreamdust_ecumenical_altar_grove, dreamdust_princess_corridor
D:2:      layout_loops_ring
D:3:      minmay_goblin_kobold_castle, layout_basic, amcnicky_altar_gilded,
          mainiacjoe_overflow_two_lobes

Skill      XL: |  1  2  3  4  5 |
---------------+----------------+-----
Maces & Flails | 4 5 |  5.5
Fighting       | 4 |  4.8
Armour         | 3 4 |  4.1
Dodging        | 3 |  3.1
Stealth        | |  0.2

Action                     |  1- 3 |  4- 6 || total
---------------------------+-------+-------++-------
  Melee: Mace              |    74 |    93 ||   167
         Headbutt          |     9 |     7 ||    16
         Punch             |     1 |       ||     1
 Invoke: Berserk           |     1 |       ||     1
    Use: Potion            |     2 |       ||     2
   Stab: Sleeping          |     1 |       ||     1
 Armour: Animal skin       |    24 |       ||    24
         Ring mail         |    46 |    88 ||   134
  Dodge: Dodged            |    49 |    96 ||   145
